 Dungeon Crawl Stone Soup version 0.20.1-1-g8b1a95d (webtiles) character file.

63 vineage the Shield-Bearer (level 4, -1/29 HPs)
             Began as a Gargoyle Fighter on Sept 16, 2017.
             Slain by Thaneod's ghost (11 damage)
             ... on level 3 of the Dungeon.
             The game lasted 00:01:37 (1534 turns).

vineage the Shield-Bearer (Gargoyle Fighter)        Turns: 1534, Time: 00:01:38

Health: -1/29      AC: 11    Str: 26    XL:     4   Next: 9%
Magic:  4/4        EV:  7    Int:  8    God:
Gold:   151        SH: 10    Dex:  9    Spells: 3/3 levels left

rFire    . . .     SeeInvis .   a - +0 flail
rCold    . . .     Gourm    .   c - +0 shield
rNeg     + . .     Faith    .   b - +0 scale mail
rPois    ∞         Spirit   .   i - +0 helmet
rElec    +         Reflect  .   (no cloak)
rCorr    .         Harm     .   (no gloves)
MR       .....                  (no boots)
Stlth    ..........             (no amulet)
Regen    0.1/turn               (no ring)
MPRegen  0.1/turn               (no ring)

@: mighty
A: negative energy resistance 1, electricity resistance, unbreathing,
petrification resistance, rot immunity, AC +3
a: no special abilities


You were on level 3 of the Dungeon.
You were very hungry.

You visited 1 branch of the dungeon, and saw 3 of its levels.

You collected 151 gold pieces.

Inventory:

Hand Weapons
 a - a +0 flail (weapon)
Armour
 b - a +0 scale mail (worn)
 c - a +0 shield (worn)
 i - a +0 helmet (worn)
Scrolls
 e - a scroll of blinking {unknown}
 h - a scroll of remove curse {unknown}
 k - 2 scrolls of teleportation {unknown}
 n - a scroll of random uselessness {unknown}
 q - a scroll of immolation {unknown}
 r - a scroll of identify {unknown}
 s - a scroll of enchant armour {unknown}
 u - a scroll of recharging {unknown}
Potions
 j - a potion of resistance {unknown}
 l - a potion of heal wounds {unknown}
 m - 2 potions of curing {unknown}
 o - a potion of magic {unknown}
Comestibles
 f - 5 bread rations
 g - a fruit
 p - a royal jelly
 t - a meat ration


   Skills:
 + Level 3.8 Fighting
 + Level 2.9 Maces & Flails
 + Level 3.4 Armour
 + Level 0.2 Dodging
 + Level 4.0 Shields


You had 3 spell levels left.
You didn't know any spells.

Dungeon Overview and Level Annotations

Branches:
Dungeon (3/15)

Altars:
Gozag
Zin
The Shining One

Annotations:
D:3 Thaneod's ghost, amateur MiFi


Innate Abilities, Weirdness & Mutations

You are resistant to torment.
Your stone body is resilient. (AC +3)
You are immune to poison.
You resist negative energy. (rN+)
You are resistant to electric shocks. (rElec)
You can survive without breathing.
You are immune to petrification.
You are immune to rotting.


Message History

Thaneod's ghost barely misses you.
You hit Thaneod's ghost but do no damage.
Thaneod's ghost is heavily damaged.
Thaneod's ghost hits you! Thaneod's ghost closely misses you.
You are too injured to fight recklessly!
You are too injured to fight recklessly!
You are too injured to fight recklessly!
You are too injured to fight recklessly!
You are too injured to fight recklessly!
You are too injured to fight recklessly!
You are too injured to fight recklessly!
You feel very mighty all of a sudden.
Thaneod's ghost hits you but does no damage.
You hit Thaneod's ghost.
Thaneod's ghost is heavily damaged.
You block Thaneod's ghost's attack. You block the rat's attack.
You barely miss Thaneod's ghost.
Thaneod's ghost is heavily damaged.
Thaneod's ghost hits you!
You die...

##########.(.....###.#.._.#
##########......## ####...#
#.......##....#.# #####
#......<......#.#
........##....#'######
........##...........#
.....#####...........#
..... #......†....# ....
#......@r...# .).
#....###W..## ... #....#
...# #....# ...# ######
...# .... .[.#. ...#..


You could see Thaneod's ghost and a rat.

Vanquished Creatures
  An adder (D:2)
  3 dart slugs
  A leopard gecko (D:2)
  An orc (D:3)
  7 bats
  2 giant cockroaches (D:1)
  8 hobgoblins
  4 jackals (D:1)
  3 frilled lizards
  3 goblins
  5 kobolds
  8 rats
46 creatures vanquished.

Notes
Turn   | Place    | Note
-------+----------+-------------------------------------------
     0 | D:1      | vineage the Gargoyle Fighter began the quest for the Orb.
     0 | D:1      | Reached XP level 1. HP: 14/14 MP: 1/1
   142 | D:1      | Reached XP level 2. HP: 16/19 MP: 2/2
   551 | D:1      | Reached XP level 3. HP: 24/24 MP: 3/3
  1312 | D:3      | Reached XP level 4. HP: 29/29 MP: 4/4
  1317 | D:3      | Reached skill level 4 in Shields
  1421 | D:3      | Found a glowing golden altar of the Shining One.
  1486 | D:3      | Found an opulent altar of Gozag.
  1486 | D:3      | Found a glowing silver altar of Zin.
  1522 | D:3      | Noticed Thaneod's ghost (amateur MiFi)
  1534 | D:3      | Slain by Thaneod's ghost

Skill      XL: |  1  2  3  4 |
---------------+-------------+-----
Shields        | 4 |  4.0
Fighting       | |  3.8
Maces & Flails | |  2.9
Armour         | |  3.4
Dodging        | |  0.2

Action                   |  1- 3 |  4- 6 || total
-------------------------+-------+-------++-------
Melee: Flail             |   108 |    27 ||   135
  Use: Potion            |       |     1 ||     1
  Eat: Chunk             |     1 |       ||     1
Armor: Scale mail        |    46 |    20 ||    66
Dodge: Dodged            |    32 |     5 ||    37
Block: Shield            |    65 |    19 ||    84
